Map: Oxide LE

Players

ByuN - Winner!

  • Race: Terran Terran
  • Spawn Location: 1:00

Serral

  • Race: Zerg Zerg
  • Spawn Location: 7:00

Event: ASUS ROG Online 2020

VOD

Have the link to the VOD?

Description

Time

  • Played on: Nov. 29, 2020, 10 a.m.
  • Length: 9:16

All games in this series

Show
View Real Time Build Order
Export as new Build Order

ByuN Terran - Winner!

Build Orders: Banshee Rush 

Get SALT Encoding   

  12  0:00  SCV  
  13  0:12  SCV  
  14  0:17  Supply Depot  
  14  0:24  SCV  
  15  0:38  SCV  
  15  0:40  Barracks  
  15  0:42  Refinery  
  16  0:51  SCV  
  17  1:03  SCV  
  18  1:15  SCV  
  19  1:27  Orbital Command, Marine  
  20  1:38  Command Center  
  20  1:48  Factory  
  20  1:53  SCV  
  21  1:59  Refinery  
  21  2:01  Barracks Reactor  
  21  2:05  SCV  
  22  2:10  Supply Depot  
  22  2:17  SCV  
  23  2:32  Starport, SCV  
  23  2:36  Factory Tech Lab  
  24  2:37  Marine x2  
  26  2:44  SCV  
  26  2:50  Orbital Command  
  27  2:55  Marine x2  
  27  2:56  SCV  
  30  3:08  SCV  
  31  3:14  Marine x2  
  31  3:16  Banshee, Cloaking Field  
  31  3:19  SCV  
  37  3:20  SCV  
  37  3:25  Supply Depot  
  37  3:26  Factory Reactor  
  38  3:32  SCV  
  38  3:33  SCV, Marine  
  41  3:35  Marine  
  41  3:41  Supply Depot  
  42  3:44  SCV  
  42  3:45  SCV  
  44  3:51  Supply Depot, Marine  
  44  3:53  Marine  
  46  3:56  SCV  
  46  3:57  SCV  
  46  3:59  Banshee  
  51  4:07  Hellion  
  51  4:08  SCV  
  51  4:09  SCV  
  57  4:10  Hellion  
  57  4:12  Marine x2  
  59  4:19  Armory  
  59  4:22  SCV x2  
  61  4:25  Supply Depot  
  61  4:31  Hellion x2  
  65  4:32  Marine  
  65  4:33  Marine  
  65  4:35  SCV  
  68  4:53  Command Center, SCV x2  
  70  5:05  SCV x2  
  72  5:09  Barracks  
  72  5:12  Barracks  
  72  5:17  SCV x2  
  74  5:25  Factory Tech Lab, Stimpack, Marine  
  69  5:29  SCV x2  
  69  5:33  Starport Reactor  
  69  5:35  Engineering Bay, Refinery  
  71  5:36  Refinery  
  71  5:38  Engineering Bay  
  71  5:41  SCV  
  71  5:42  SCV  
  70  5:43  Marine  
  70  5:46  Siege Tank  
  74  5:53  SCV  
  74  5:56  Barracks  
  74  5:58  Barracks  
  74  6:00  Marine x3  
  74  6:01  Marine x2  
  77  6:04  Terran Infantry Armor Level 1, Terran Infantry Weapons Level 1  
  77  6:05  SCV  
  77  6:08  Orbital Command  
  77  6:11  Terran Vehicle And Ship Armor Level 1  
  77  6:18  Marine x2  
  77  6:19  Siege Tank  
  77  6:20  Marine  
  77  6:21  Marine  
  77  6:24  Marine  
  85  6:28  Medivac  
  85  6:31  Medivac  
  85  6:32  Orbital Command  
  89  6:38  Supply Depot  
  90  6:40  Supply Depot, SCV  
  90  6:41  SCV  
  90  6:43  Marine x2  
  90  6:44  Barracks Reactor  
  93  6:58  Marine  
  93  6:59  Siege Tank, SCV x3, Marine  
  101  7:11  SCV x3  
  101  7:14  Marine x3  
  108  7:16  Marine  
  108  7:22  Medivac  
  110  7:23  SCV x2, Marine  
  110  7:24  Barracks Reactor, SCV  
  110  7:25  Marine x2  
  114  7:31  Supply Depot, Siege Tank  
  114  7:32  Supply Depot  
  117  7:39  SCV  
  117  7:43  Supply Depot x2  
  117  7:45  Supply Depot  
  117  7:49  Marine  
  117  7:50  Armory  
  117  7:53  SCV x3, Marine x3  
  122  7:59  Missile Turret  
  122  8:04  Marine x5  
  122  8:05  SCV  
  128  8:07  Marine  
  128  8:11  Marine x3  
  132  8:22  Marine x5  
  132  8:23  Missile Turret  
  132  8:25  Marine  
  132  8:26  SCV x2  
  138  8:27  SCV  
  138  8:28  Marine x3  
  130  8:34  Medivac  
  130  8:39  Marine x2  
  130  8:40  Marine x3  
  132  8:42  Marine  
  132  8:43  SCV x2  
  132  8:44  Medivac  
  132  8:46  Marine x2  
  132  8:47  Marine  
  132  8:49  SCV  
  132  8:55  SCV  
  133  8:57  Marine x3  
  133  8:58  SCV, Marine x2  
  133  9:01  SCV  
Show
View Real Time Build Order
Export as new Build Order

Serral Zerg 

Build Orders: Hatch First, Muta Ling Bane 

Get SALT Encoding   

  12  0:00  Drone  
  13  0:12  Overlord  
  13  0:17  Drone  
  14  0:30  Drone x2  
  16  0:47  Hatchery  
  15  0:51  Drone  
  15  0:55  Drone  
  17  0:59  Drone  
  18  1:08  Extractor  
  17  1:13  Spawning Pool  
  17  1:16  Drone  
  17  1:19  Drone  
  18  1:27  Drone  
  19  1:39  Drone  
  20  1:49  Drone  
  21  1:59  Queen x2  
  21  2:00  Zergling x4  
  27  2:11  Overlord, Drone, Metabolic Boost  
  28  2:27  Hatchery  
  27  2:30  Drone  
  27  2:33  Drone  
  27  2:35  Drone  
  30  2:38  Drone  
  31  2:45  Queen  
  33  2:51  Overlord  
  33  2:54  Drone  
  33  2:56  Drone  
  35  2:59  Drone  
  36  3:10  Drone x2  
  36  3:11  Drone x2  
  39  3:15  Overlord  
  39  3:16  Drone  
  40  3:20  Drone  
  40  3:21  Queen  
  43  3:28  Overlord  
  43  3:33  Queen  
  45  3:39  Queen  
  47  3:42  Drone x3  
  47  3:47  Roach Warren  
  49  3:48  Drone  
  49  3:50  Drone  
  49  3:52  Drone  
  49  3:54  Extractor  
  49  3:55  Drone  
  52  3:56  Drone  
  52  3:58  Drone  
  52  4:01  Drone  
  52  4:02  Drone  
  56  4:05  Drone x2  
  56  4:08  Overlord  
  58  4:12  Drone  
  58  4:15  Spore Crawler  
  58  4:16  Spore Crawler  
  57  4:19  Lair  
  57  4:23  Spore Crawler  
  57  4:24  Drone x2  
  58  4:25  Drone  
  58  4:27  Drone  
  58  4:28  Drone  
  61  4:32  Drone  
  61  4:34  Drone  
  61  4:35  Baneling Nest  
  61  4:36  Drone  
  61  4:37  Drone  
  64  4:42  Drone x3  
  64  4:45  Drone x2  
  68  4:47  Drone  
  68  4:51  Extractor  
  68  4:53  Extractor  
  68  4:54  Zergling x8  
  68  4:58  Overlord  
  71  5:01  Zergling x4  
  71  5:06  Spore Crawler  
  72  5:08  Overlord  
  72  5:10  Overlord  
  72  5:16  Queen  
  72  5:19  Baneling x3  
  72  5:20  Baneling x2  
  73  5:23  Overlord  
  73  5:24  Overlord  
  68  5:29  Zergling x2  
  68  5:30  Zergling x8  
  68  5:31  Drone x4  
  68  5:33  Drone x2  
  80  5:35  Drone x2  
  80  5:38  Drone x2  
  79  5:54  Hatchery  
  76  6:01  Spire  
  76  6:02  Centrifical Hooks  
  73  6:04  Zergling x8  
  73  6:05  Zergling x2  
  73  6:08  Zergling x4  
  73  6:10  Overseer  
  80  6:13  Overlord  
  80  6:17  Zergling x2  
  80  6:18  Zergling x2  
  82  6:22  Queen  
  84  6:26  Zergling x4  
  84  6:27  Baneling x4  
  84  6:28  Baneling x2  
  84  6:31  Zergling x8  
  90  6:43  Drone x5  
  95  6:50  Overlord  
  95  6:58  Extractor  
  95  6:59  Extractor  
  95  7:01  Baneling x3  
  92  7:03  Zergling x8  
  96  7:17  Mutalisk  
  96  7:18  Mutalisk x5  
  108  7:25  Mutalisk x2  
  108  7:26  Mutalisk  
  115  7:30  Zergling x6  
  115  7:33  Baneling x5  
  115  7:36  Zergling x6  
  117  7:51  Mutalisk x2  
  117  7:53  Zergling x2  
  117  7:55  Overlord x2  
  117  7:56  Overlord  
  117  7:57  Overlord  
  122  8:02  Overlord  
  122  8:04  Overlord  
  117  8:08  Overlord  
  117  8:13  Overlord  
  117  8:16  Zergling x20  
  126  8:20  Baneling x7  
  126  8:25  Mutalisk x2  
  121  8:29  Baneling x2  
  121  8:34  Mutalisk  
  115  8:36  Queen  
  115  8:39  Zergling x10  
  117  8:45  Zergling x2  
  108  8:49  Zergling x2  
  108  8:50  Zergling x2  
Tags
 
Add a new tag
Caveats
  • Supply blocks, unpowered buildings, or Contaminate may cause inaccurate times.
  • Supply counts are checked every 10 seconds.